 Dungeon Crawl Stone Soup version 0.23-a0-175-g97aacdb306 (webtiles) character file.

213 Ablot the Charmwright (level 5, -5/43 HPs)
             Began as a Gnoll Skald on Sept 17, 2018.
             Slain by Edmund
             ... wielding a +2 dire flail of pain
              (10 damage)
             ... on level 4 of the Dungeon.
             The game lasted 00:04:11 (2239 turns).

Ablot the Charmwright (Gnoll Skald)                 Turns: 2239, Time: 00:04:11

Health: -5/43      AC:  4    Str: 14    XL:     5   Next: 90%
Magic:  1/12       EV: 14    Int: 15    God:
Gold:   141        SH:  0    Dex: 15    Spells: 3/14 levels left

rFire    + . .     SeeInvis .   a - +0 spear
rCold    x . .     Gourm    .   (no shield)
rNeg     . . .     Faith    .   b - +0 leather armour
rPois    .         Spirit   .   u - +0 helmet
rElec    .         Reflect  .   (no cloak)
rCorr    .         Harm     .   (no gloves)
MR       .....                  (no boots)
Stlth    ++........             (no amulet)
HPRegen  1.14/turn              e - ring of wizardry
MPRegen  0.13/turn              g - ring of fire

@: shrouded (expiring), very slightly contaminated, regenerating (expiring)
A: distributed training, fangs 1, strong nose
a: no special abilities


You were on level 4 of the Dungeon.
You were not hungry.

You visited 1 branch of the dungeon, and saw 4 of its levels.

You collected 141 gold pieces.

Inventory:

Hand Weapons
 a - a +0 spear (weapon)
Missiles
 h - 43 poisoned needles
 i - 54 sling bullets
 l - 202 stones
 m - 47 bolts
 p - 52 arrows
 t - a throwing net (quivered)
Armour
 b - a +0 leather armour (worn)
 u - a +0 helmet (worn)
Magical Staves
 y - an uncursed staff of cold
Jewellery
 e - a ring of wizardry (left hand)
 g - a ring of fire (right hand)
Wands
 j - a wand of flame (16)
 w - a wand of acid (10)
Scrolls
 f - 3 scrolls of identify
 k - 2 scrolls of remove curse {unknown}
 n - a scroll of enchant weapon {unknown}
 o - a scroll of magic mapping {unknown}
 r - 2 scrolls of noise {unknown}
 s - a scroll of fear {unknown}
 v - a scroll of random uselessness {unknown}
Potions
 q - a potion of brilliance {unknown}
 x - a potion of lignification {unknown}
 z - 2 potions of curing {unknown}
Comestibles
 d - 4 rations


   Skills:
 + Level 4.8 Fighting
 + Level 1.6 Short Blades
 + Level 1.6 Long Blades
 + Level 1.6 Axes
 + Level 1.6 Maces & Flails
 + Level 4.8 Polearms
 + Level 1.6 Staves
 + Level 1.6 Slings
 + Level 1.6 Bows
 + Level 1.6 Crossbows
 + Level 1.6 Throwing
 + Level 3.0 Armour
 + Level 4.8 Dodging
 + Level 1.6 Stealth
 + Level 1.6 Shields
 + Level 1.6 Unarmed Combat
 + Level 5.2 Spellcasting
 + Level 1.3 Conjurations
 + Level 1.3 Hexes
 + Level 5.6 Charms
 + Level 1.3 Summonings
 + Level 1.3 Necromancy
 + Level 1.3 Translocations
 + Level 1.3 Transmutations
 + Level 1.3 Fire Magic
 + Level 1.3 Ice Magic
 + Level 1.3 Air Magic
 + Level 1.3 Earth Magic
 + Level 1.3 Poison Magic
 + Level 1.8 Invocations
 + Level 1.6 Evocations


You had 3 spell levels left.
You knew the following spells:

 Your Spells              Type           Power        Failure   Level  Hunger
a - Infusion              Chrm           ###.         1%          1    None
b - Song of Slaying       Chrm           ###.....     1%          2    ##.....
c - Shroud of Golubria    Chrm/Tloc      ##........   2%          2    ##.....
d - Regeneration          Chrm/Necr      ##........   6%          3    ###....
e - Spectral Weapon       Hex/Chrm       ##......     6%          3    ###....

Your spell library contained the following spells:

 Spells                   Type           Power        Failure   Level  Hunger


Dungeon Overview and Level Annotations

Branches:
Dungeon (4/15)
 Temple: D:4-7

Altars:
Sif Muna

Shops:
D:4 :

Annotations:
D:4 Edmund


Innate Abilities, Weirdness & Mutations

Your experience applies equally to all skills.
You have very sharp teeth.
Your uncanny sense of smell can sniff out nearby items.


Message History

Casting: Spectral Weapon (safe; 6% risk of failure)
Confirm with . or Enter, or press ? or * to list all spells.
Your skin crawls.
Your shroud begins to fray at the edges.
Edmund says, "People will remember me!
They'll remember me and die!"
Edmund hits you with a dire flail of pain.
* * * LOW HITPOINT WARNING * * *
You hit Edmund.
Edmund is severely wounded.
Edmund hits you but does no damage.
You writhe in agony.
* * * LOW HITPOINT WARNING * * *
Unknown command.
You barely miss Edmund.
Edmund is severely wounded.
Unknown command.
You hit Edmund but do no damage. You bite Edmund, but do no damage.
Edmund is severely wounded.
Your skin is crawling a little less now.
Edmund hits you with a dire flail of pain!
You die...

....... .......
....... .......
#####
.......######...##
............#....#
............#....#
.......@@...#...##
∆
............###'##
.................#
....######+#.....#
... #......#.....#
.. #......#.....#
∆ . +......#.....#
#......'.....####
#......#..........


You could see Edmund.

Vanquished Creatures
  A howler monkey (D:4)
  A bullfrog skeleton (D:4)
  2 worker ants
  4 adders
  2 worms (D:2)
  2 leopard geckos (D:3)
  2 orcs (D:3)
  4 giant cockroaches
  2 goblins (D:1)
  8 hobgoblins
  2 jackals (D:3)
  9 kobolds
  2 quokkas (D:2)
  5 bats
  4 frilled lizards
  5 rats
55 creatures vanquished.

Vanquished Creatures (others)
  A spectral weapon (D:3)
1 creature vanquished.

Grand Total: 56 creatures vanquished

Notes
Turn   | Place    | Note
-------+----------+-------------------------------------------
     0 | D:1      | Ablot the Gnoll Skald began the quest for the Orb.
     0 | D:1      | Reached XP level 1. HP: 20/20 MP: 6/6
   244 | D:1      | Reached XP level 2. HP: 23/26 MP: 7/7
   280 | D:1      | Learned a level 2 spell: Song of Slaying
   283 | D:1      | Learned a level 2 spell: Shroud of Golubria
   708 | D:2      | Reached XP level 3. HP: 14/31 MP: 1/9
   713 | D:2      | Learned a level 3 spell: Regeneration
   717 | D:2      | Learned a level 3 spell: Spectral Weapon
   807 | D:2      | Reached skill level 5 in Spellcasting
  1034 | D:2      | Reached skill level 1 in Invocations
  1150 | D:2      | Reached skill level 1 in Short Blades
  1150 | D:2      | Reached skill level 1 in Long Blades
  1150 | D:2      | Reached skill level 1 in Axes
  1150 | D:2      | Reached skill level 1 in Maces & Flails
  1150 | D:2      | Reached skill level 1 in Staves
  1150 | D:2      | Reached skill level 1 in Slings
  1150 | D:2      | Reached skill level 1 in Bows
  1150 | D:2      | Reached skill level 1 in Crossbows
  1150 | D:2      | Reached skill level 1 in Throwing
  1150 | D:2      | Reached skill level 1 in Stealth
  1150 | D:2      | Reached skill level 1 in Shields
  1150 | D:2      | Reached skill level 1 in Unarmed Combat
  1150 | D:2      | Reached skill level 1 in Evocations
  1150 | D:2      | Reached XP level 4. HP: 38/38 MP: 11/11
  1747 | D:3      | Reached skill level 1 in Conjurations
  1747 | D:3      | Reached skill level 1 in Hexes
  1747 | D:3      | Reached skill level 1 in Summonings
  1747 | D:3      | Reached skill level 1 in Necromancy
  1747 | D:3      | Reached skill level 1 in Translocations
  1747 | D:3      | Reached skill level 1 in Transmutations
  1747 | D:3      | Reached skill level 1 in Fire Magic
  1747 | D:3      | Reached skill level 1 in Ice Magic
  1747 | D:3      | Reached skill level 1 in Air Magic
  1747 | D:3      | Reached skill level 1 in Earth Magic
  1747 | D:3      | Reached skill level 1 in Poison Magic
  1806 | D:3      | Reached XP level 5. HP: 37/43 MP: 12/12
  1943 | D:3      | Found a deep blue altar of Sif Muna.
  2017 | D:4      | Found Gafrez's Book Shop.
  2212 | D:4      | Noticed Edmund
  2233 | D:4      | HP: 2/43 [Edmund/dire flail of pain (2)]
  2239 | D:4      | Slain by Edmund

Vault maps used:
D:1:      lemuel_arrival_behind_the_door_large, minmay_pentomino_o2
D:2:      first_ration
D:3:      lemuel_blue_sif_altar
D:4:      gammafunk_temple_overflow_pools, minmay_temple_entry_enclosed_plants,
          serial_shops, shop, uniq_crazy_yiuf_cottage, uniq_edmund

Skill      XL: |  1  2  3  4  5 |
---------------+----------------+-----
Spellcasting   | 5 |  5.2
Invocations    | 1 |  1.8
Short Blades   | 1 |  1.6
Long Blades    | 1 |  1.6
Axes           | 1 |  1.6
Maces & Flails | 1 |  1.6
Staves         | 1 |  1.6
Slings         | 1 |  1.6
Bows           | 1 |  1.6
Crossbows      | 1 |  1.6
Throwing       | 1 |  1.6
Stealth        | 1 |  1.6
Shields        | 1 |  1.6
Unarmed Combat | 1 |  1.6
Evocations     | 1 |  1.6
Conjurations   | 1 |  1.3
Hexes          | 1 |  1.3
Summonings     | 1 |  1.3
Necromancy     | 1 |  1.3
Translocations | 1 |  1.3
Transmutations | 1 |  1.3
Fire Magic     | 1 |  1.3
Ice Magic      | 1 |  1.3
Air Magic      | 1 |  1.3
Earth Magic    | 1 |  1.3
Poison Magic   | 1 |  1.3
Armour         | 3 |  3.0
Fighting       | |  4.8
Polearms       | |  4.8
Dodging        | |  4.8
Charms         | |  5.6

Action                   |  1- 3 |  4- 6 || total
-------------------------+-------+-------++-------
Melee: Spear             |   156 |   134 ||   290
       Bite              |    15 |    11 ||    26
       Punch             |       |     1 ||     1
 Cast: Shroud of Golubri |     2 |     5 ||     7
       Infusion          |     1 |       ||     1
       Regeneration      |     2 |     2 ||     4
       Spectral Weapon   |       |     3 ||     3
  Use: Scroll            |       |     1 ||     1
 Stab: Sleeping          |     1 |     4 ||     5
  Eat: Chunk             |     1 |     4 ||     5
Armor: Leather armour    |    24 |    24 ||    48
Dodge: Dodged            |    98 |    46 ||   144

Table legend:
 A = Non-vault XP
 B = Vault XP
 C = Vault XP percentage of total XP
 D = Non-vault monster count
 E = Vault monster count
 F = Vault count percentage of total count
                 A         B        C        D         E       F
            +---------+---------+-------+---------+---------+-------
      Total |     301 |       4 |   1.3 |      53 |       2 |   3.6
            +---------+---------+-------+---------+---------+-------
        D:1 |      25 |       4 |  13.8 |      16 |       2 |  11.1
        D:2 |      69 |       0 |   0.0 |      12 |       0 |   0.0
        D:3 |      75 |       0 |   0.0 |      22 |       0 |   0.0
        D:4 |     132 |       0 |   0.0 |       3 |       0 |   0.0
            +---------+---------+-------+---------+---------+-------
